 Dungeon Crawl Stone Soup version 0.18-a0-952-g309898a (webtiles) character file.

5205 JokEr the Carver (level 10, 0/100 HPs)
             Began as a Minotaur Fighter on Dec 30, 2015.
             Was a Believer of Okawaru.
             Killed from afar by an electric eel (9 damage)
             ... with a bolt of electricity
             ... on level 8 of the Dungeon.
             The game lasted 00:23:22 (10910 turns).

JokEr the Carver (Minotaur Fighter)                Turns: 10910, Time: 00:23:23

Health: 0/100      AC: 11    Str: 23    XL:     10   Next: 35%
Magic:  9/9        EV:  3    Int:  5    God:    Okawaru [**....]
Gold:   181        SH: 15    Dex: 11    Spells: 0 memorised, 9 levels left

rFire  + . .     SeeInvis .     b - +4 scimitar of the Boar {slice, rF+ rN+}
rCold  . . .     Gourm    .     l - +0 plate armour
rNeg   + . .     Faith    .     w - +0 large shield
rPois  .         Spirit   .     (helmet restricted)
rElec  .         Dismiss  .     (no cloak)
rCorr  .         Reflect  .     (no gloves)
SustAt .         Harm     .     (no boots)
MR     .....                    (no amulet)
Stlth  ..........               (no ring)
                                (no ring)

@: not resistant to hostile enchantments, extremely unstealthy
A: retaliatory headbutt, horns 2
a: Heroism, Renounce Religion


You were on level 8 of the Dungeon.
You worshipped Okawaru.
Okawaru was pleased with you.
You were not hungry.

You visited 2 branches of the dungeon, and saw 9 of its levels.

You collected 233 gold pieces.
You spent 52 gold pieces at shops.

Inventory:

Hand Weapons
 b - the +4 scimitar of the Boar (weapon) {slice, rF+ rN+}
   (You acquired it on level 7 of the Dungeon)

   It inflicts extra damage upon your enemies.
   It protects you from fire.
   It protects you from negative energy.
Armour
 l - a +0 plate armour (worn)
 w - a +0 large shield (worn)
Jewellery
 n - an uncursed amulet of the gourmand
Wands
 m - a wand of heal wounds (0/9)
 v - a wand of hasting (2/9)
Scrolls
 a - a scroll of recharging
 g - a scroll of magic mapping
 i - 5 scrolls of remove curse
 k - 2 scrolls of fog
 o - 3 scrolls of teleportation
 x - a scroll of amnesia
 y - a scroll of enchant armour
Potions
 d - a potion of resistance {unknown}
 e - a potion of ambrosia
 h - 2 potions of haste
 j - 2 potions of cure mutation
 p - 2 potions of brilliance {unknown}
 q - 3 potions of heal wounds {unknown}
 r - a potion of lignification {unknown}
 t - a potion of mutation {unknown}
 u - a potion of flight {unknown}
Books
 s - a book of Transfigurations

   Spells                             Type                      Level
   a - Stoneskin                      Transmutation/Earth          2
   b - Irradiate                      Conjuration/Transmutation    5
   c - Statue Form                    Transmutation/Earth          6
   d - Hydra Form                     Transmutation                6
   e - Dragon Form                    Transmutation                7
Comestibles
 c - 5 beef jerkies
 f - 6 bread rations
 z - 4 meat rations


   Skills:
 + Level 12.6 Fighting
 + Level 12.6 Long Blades
 - Level 4.2 Armour
 - Level 1.0 Dodging
 - Level 0.3 Stealth
 - Level 5.0 Shields


You had 9 spell levels left.
You didn't know any spells.

Dungeon Overview and Level Annotations

Branches:
Dungeon (8/15)             Temple (1/1) D:6            Lair (0/8) D:8

Altars:
Ashenzari
Cheibriados
Elyvilon
Gozag
Kikubaaqudgha
Makhleb
Okawaru
Pakellas
Ru
Sif Muna
Trog
Vehumet
Xom
Yredelemnul
The Shining One

Shops:
D:4 *


Innate Abilities, Weirdness & Mutations

You reflexively headbutt those who attack you in melee.
You have a pair of horns on your head.


Message History

The electric eel is severely wounded.
The electric eel shoots out a bolt of lightning at you!
The bolt of electricity hits you!
* * * LOW HITPOINT WARNING * * *
You miss the electric eel. Your headbutt misses the electric eel.
The electric eel is severely wounded.
You miss the electric eel.
The electric eel is severely wounded.
The electric eel shoots out a bolt of lightning at you!
The bolt of electricity hits you!
* * * LOW HITPOINT WARNING * * *
The electric eel shoots out a bolt of lightning at you!
The bolt of electricity hits you!
* * * LOW HITPOINT WARNING * * *
Zapping:
m - a wand of heal wounds {zapped: 6} (will waste charges)
Press: ? - help, Shift-Dir - straight line, f - you Nothing appears to happen.
The electric eel shoots out a bolt of lightning at you!
The bolt of electricity hits you!
You die...

#..................# .#
#..................# ..#
##.....≈...≈≈...≈.#.#####...###
......≈≈.≈.≈≈≈≈...'............
##..≈.≈≈.≈.≈≈≈≈≈..#.#####...###
#...≈≈≈≈≈.≈≈≈≈...#'## +#...
.....≈≈≈≈≈.≈≈≈.......# .
#...).≈≈≈≈.≈≈.≈≈.....#
......≈≈≈≈.≈.≈≈;@....#
#.#..≈≈≈.≈.≈.≈≈≈≈....#
#.#..≈≈≈.≈..≈≈;≈≈≈...#
#.#≈≈.≈≈....≈≈≈≈≈≈...# #.#
#...≈≈≈.≈.>:≈≈≈≈≈≈##..# #.#
...≈≈≈≈≈≈###'## #.#
≈.≈.≈≈≈≈≈.....# #.#
≈≈≈≈≈.≈≈≈..?..###.#
≈≈≈≈≈≈≈.≈.....'##.#


You could see 2 electric eels.

Vanquished Creatures
  An ugly thing (D:7)
  The ghost of st0uf the Geomancer, a novice FoEE of Xom (D:6)
  The ghost of filipzpl the Fighter, a novice MiFi (D:5)
  The ghost of JokEr the Skirmisher, an amateur MiFi of Okawaru (D:4)
  A troll (D:8)
  The ghost of MordorOrchid the Magician, an amateur OpFE (D:3)
  A wolf (D:8)
  Duvessa (D:5)
  2 orc warriors
  3 sky beasts
  An ice beast (D:8)
  5 ogres
  3 phantoms
  3 giant frogs
  A centaur (D:6)
  Dowan (D:5)
  5 killer bees (D:8)
  8 wights
  An electric eel (D:8)
  2 crimson imps
  2 jellies
  A quasit (D:6)
  A centaur zombie (D:6)
  2 orc priests
  4 hounds
  A gnoll shaman (D:4)
  4 iguanas
  Natasha (twice) (D:2)
  6 orc wizards
  4 worker ants (D:4)
  A hound skeleton (D:4)
  2 worker ant zombies
  8 gnolls (D:4)
  7 adders
  3 shadow imps
  3 oozes
  2 adder skeletons (D:4)
  2 worms
  6 giant geckos
  16 orcs
  8 giant cockroaches
  5 hobgoblins
  13 jackals
  5 kobolds
  3 quokkas
  3 ball pythons
  12 bats
  4 giant newts
  9 goblins
  12 rats
  A spectral orc (D:4)
195 creatures vanquished.

Vanquished Creatures (others)
  A jackal (D:8)
  A giant gecko zombie (D:6)
2 creatures vanquished.

Grand Total: 197 creatures vanquished

Notes
Turn   | Place    | Note
--------------------------------------------------------------
     0 | D:1      | JokEr the Minotaur Fighter began the quest for the Orb.
     0 | D:1      | Reached XP level 1. HP: 19/19 MP: 0/0
    61 | D:1      | Reached skill level 4 in Shields
    76 | D:1      | Reached XP level 2. HP: 27/27 MP: 1/1
   402 | D:1      | Reached XP level 3. HP: 33/33 MP: 2/2
   883 | D:2      | Noticed Natasha
   889 | D:2      | Killed Natasha
  1046 | D:2      | Found an opulent altar of Gozag.
  1142 | D:2      | Reached XP level 4. HP: 40/40 MP: 3/3
  1372 | D:2      | Noticed Natasha
  1384 | D:2      | Killed Natasha
  1384 | D:2      | Reached skill level 5 in Shields
  1491 | D:3      | Noticed MordorOrchid's ghost (amateur OpFE)
  1726 | D:3      | Found a radiant altar of Vehumet.
  1730 | D:3      | Found a sacrificial altar of Ru.
  1730 | D:3      | Found a bloodstained altar of Trog.
  1880 | D:3      | Reached skill level 1 in Dodging
  1880 | D:3      | Reached XP level 5. HP: 42/47 MP: 4/4
  1906 | D:3      | Killed MordorOrchid's ghost
  1906 | D:3      | Reached skill level 5 in Fighting
  1906 | D:3      | Reached XP level 6. HP: 49/56 MP: 5/5
  2352 | D:3      | Reached skill level 5 in Long Blades
  2613 | D:4      | Noticed JokEr's ghost (amateur MiFi)
  2713 | D:3      | Reached skill level 6 in Fighting
  2899 | D:4      | Killed JokEr's ghost
  2899 | D:4      | Reached XP level 7. HP: 26/64 MP: 6/6
  3130 | D:4      | Reached skill level 7 in Fighting
  3441 | D:4      | Found Kunol's Assorted Antiques.
  3881 | D:4      | Bought a scroll of identify for 52 gold pieces
  3897 | D:4      | Found a basalt altar of Yredelemnul.
  4155 | D:5      | Entered Level 5 of the Dungeon
  4156 | D:5      | Noticed Duvessa
  4177 | D:5      | Noticed Dowan
  4177 | D:5      | Killed Duvessa
  4177 | D:5      | Reached XP level 8. HP: 26/74 MP: 7/7
  4227 | D:4      | Reached skill level 8 in Fighting
  4504 | D:5      | Killed Dowan
  4581 | D:5      | Noticed filipzpl's ghost (novice MiFi)
  5931 | D:5      | Reached skill level 9 in Fighting
  6755 | D:5      | Killed filipzpl's ghost
  6755 | D:5      | Reached XP level 9. HP: 19/85 MP: 8/8
  7063 | D:6      | Noticed st0uf's ghost (novice FoEE)
  7091 | D:6      | Killed st0uf's ghost
  7091 | D:6      | Reached skill level 10 in Fighting
  7091 | D:6      | Reached skill level 10 in Long Blades
  7155 | D:6      | Found a shimmering altar of Xom.
  7568 | D:6      | Reached skill level 11 in Long Blades
  7637 | D:6      | Found a snail-covered altar of Cheibriados.
  7826 | D:6      | Found a staircase to the Ecumenical Temple.
  7835 | Temple   | Entered the Ecumenical Temple
  7924 | Temple   | Became a worshipper of Warmaster Okawaru
  8297 | D:7      | Identified a scroll of acquirement
  8300 | D:7      | Got a transparent scimitar
  8301 | D:7      | Identified the +4 scimitar of the Boar {slice, rF+ rN+} (You acquired it on level 7 of the Dungeon)
  8313 | D:7      | Found a burning altar of Makhleb.
  8518 | D:7      | Found a white marble altar of Elyvilon.
  8537 | D:7      | Noticed a white ugly thing
  8545 | D:7      | Killed a white ugly thing
  8545 | D:7      | Reached * piety under Okawaru
  8685 | D:7      | Found an ancient bone altar of Kikubaaqudgha.
  8955 | D:7      | Reached XP level 10. HP: 82/97 MP: 9/9
  9252 | D:8      | Reached skill level 12 in Fighting
  9268 | D:8      | Reached ** piety under Okawaru
  9466 | D:8      | Found a staircase to the Lair.
 10910 | D:8      | Killed from afar by an electric eel

Vault maps used:
D:1:      dpeg_arrival_short_road
D:2:      nicolae_overflow_crystal_walls, st_stairs_4, uniq_natasha
D:3:      grunt_temple_overflow_open, minmay_misc_feat_doors
D:4:      yredelemnul_forgotten_temple_becter, serial_shops, shop, first_bread
D:5:      nicolae_ossuary_entry_plus, st_stairs_12, uniq_duvessa
D:6:      lemuel_crystal_altar, nicolae_overflow_hidden_temple,
          lemuel_temple_firewalk
D:7:      kennysheep_mini, kiku_gazebo_pond_becter, grunt_ogre_cave,
          elyvilon_altar_4
D:8:      lemuel_crystal_altar, erik_lair_island
Temple:   hc_temple_tempest_star_small

Action                   |  1- 3 |  4- 6 |  7- 9 | 10-12 || total
-------------------------+-------+-------+-------+-------++-------
Melee: Long sword        |    95 |   101 |   342 |       ||   538
       Scimitar          |       |       |    45 |   126 ||   171
Evoke: Wand              |       |       |       |     2 ||     2
  Use: Scroll            |     4 |     8 |     6 |     3 ||    21
       Potion            |       |     2 |     5 |       ||     7
  Eat: Chunk             |     1 |     2 |     8 |     4 ||    15
       Bread ration      |       |     1 |     2 |     1 ||     4
       Pizza             |       |       |     1 |       ||     1
       Beef jerky        |       |       |       |     1 ||     1
